 Dungeon Crawl Stone Soup version 0.17-a0-1951-g62301d3 (console) character file.

79 lauthentik the Sneak (level 4, -1/31 HPs)
             Began as a Vampire Enchanter on Oct 2, 2015.
             Slain by a hobgoblin
             ... wielding a +0 club
              (6 damage)
             ... on level 2 of the Dungeon.
             The game lasted 00:06:23 (1476 turns).

lauthentik the Sneak (Vampire Enchanter)            Turns: 1476, Time: 00:06:24

Health: -1/31      AC:  3    Str:  7    XL:     4   Next: 16%
Magic:  2/7        EV: 13    Int: 18    God:
Gold:   95         SH:  0    Dex: 14    Spells: 2 memorised, 4 levels left

rFire  . . .     SeeInvis +     n - +2 dagger (drain)
rCold  + . .     Clarity  .     b - +1 robe
rNeg   + + .     SustAt   .     (no shield)
rPois  +         Gourm    .     (no helmet)
rElec  .         Spirit   .     (no cloak)
rCorr  .         Warding  .     (no gloves)
rMut   .         Stasis   .     (no boots)
MR     .....                    (no amulet)
Stlth  ++++......               (no ring)
                                (no ring)

@: very slightly contaminated, regenerating slowly, not resistant to hostile
enchantments, stealthy
A: fangs 3, see invisible, unbreathing
a: Bat Form


You were on level 2 of the Dungeon.
You were very thirsty.

You visited 1 branch of the dungeon, and saw 2 of its levels.

You collected 95 gold pieces.

Inventory:

Hand weapons
 a - a +1 dagger
 i - a +0 dagger
 k - a +0 dagger of venom
 n - a +2 dagger of draining (weapon)
Armour
 b - a +1 robe (worn)
Scrolls
 g - 2 scrolls of identify {unknown}
 j - a scroll of enchant armour {unknown}
 l - a scroll of enchant weapon {unknown}
 o - a scroll of immolation {unknown}
 p - a scroll of remove curse {unknown}
 q - a scroll of recharging {unknown}
Potions
 d - 3 potions of blood
 e - a potion of agility {unknown}
 f - a potion of magic {unknown}
 h - a potion of degeneration {unknown}
 m - 2 potions of poison {unknown}
Books
 c - a book of Maledictions

   Spells                             Type                      Level
   a - Corona                         Hexes                        1
   b - Ensorcelled Hibernation        Hexes/Ice                    2
   c - Confuse                        Hexes                        3
   d - Tukima's Dance                 Hexes                        3
   e - Dazzling Spray                 Conjuration/Hexes            3


   Skills:
 + Level 0.6 Fighting
 + Level 1.2 Short Blades
 + Level 2.6 Dodging
 + Level 6.0 Stealth
 + Level 2.3 Spellcasting
 + Level 4.8 Hexes
 + Level 1.1 Ice Magic


You had 4 spell levels left.
You knew the following spells:

 Your Spells              Type           Power        Failure   Level  Hunger
a - Ensorcelled Hibernat  Hex/Ice        ##....       10%         2    ##.....
b - Corona                Hex            ###....      2%          1    #......


Dungeon Overview and Level Annotations

Branches:
Dungeon (2/15)

Altars:


Innate Abilities, Weirdness & Mutations

You heal slowly.
You have razor-sharp teeth.
You have supernaturally acute eyesight.
You can survive without breathing.


Message History

You closely miss the hobgoblin.
The hobgoblin is heavily wounded.
The hobgoblin barely misses you.
You barely miss the hobgoblin.
The hobgoblin is heavily wounded.
Casting: Ensorcelled Hibernation
Confirm with . or Enter, or press ? or * to list all spells.
Aiming: Ensorcelled Hibernation
Press: ? - help, Shift-Dir - straight line, f/p - hobgoblin
Aim: a hobgoblin, wielding a club (heavily wounded, chance to defeat MR: 80%)
The hobgoblin resists with significant effort.
The hobgoblin misses you.
Casting: Ensorcelled Hibernation
Confirm with . or Enter, or press ? or * to list all spells.
Aiming: Ensorcelled Hibernation
Press: ? - help, Shift-Dir - straight line, f/p - hobgoblin
Aim: a hobgoblin, wielding a club (heavily wounded, chance to defeat MR: 80%)
The hobgoblin resists with significant effort.
The hobgoblin hits you with a club.
You die...

##### ###### ....# .$...# ....#
.....# ....# ###########.....#
....###..........g....#
......#.......[.@.....#
)...#.#...........#####
#####.#.....(.....#
.#....#...........#
.#.####...........#
.#.#<##...........#
......'(.........>#
.#...##)..........##############
.######...........#...†..(.....#


You could see a hobgoblin.

Vanquished Creatures
  2 adders (D:2)
  An ooze (D:2)
  3 worms (D:2)
  A ball python (D:1)
  5 bats
  A giant cockroach (D:1)
  6 goblins
  5 hobgoblins (D:1)
  3 jackals (D:2)
  2 giant newts (D:1)
  11 kobolds
  10 rats
50 creatures vanquished.

Notes
Turn   | Place    | Note
--------------------------------------------------------------
     0 | D:1      | lauthentik the Vampire Enchanter began the quest for the Orb.
     0 | D:1      | Reached XP level 1. HP: 13/13 MP: 3/3
   292 | D:1      | Reached XP level 2. HP: 19/19 MP: 5/5
   296 | D:1      | Learned a level 2 spell: Ensorcelled Hibernation
   422 | D:1      | Reached skill level 5 in Stealth
   934 | D:2      | Reached XP level 3. HP: 24/24 MP: 6/6
  1207 | D:2      | Reached skill level 6 in Stealth
  1248 | D:2      | Reached XP level 4. HP: 28/31 MP: 4/7
  1279 | D:2      | Reached skill level 1 in Ice Magic
  1476 | D:2      | Slain by a hobgoblin

Vault maps used:
D:1:      saegor_arrival_simple_a, minmay_door_square, minmay_vboxes
D:2:      kennysheep_generic_room_15

Action                   |  1- 3 |  4- 6 || total
-------------------------+-------+-------++-------
Melee: Dagger            |   108 |    13 ||   121
 Cast: Corona            |     5 |       ||     5
       Ensorcelled Hiber |    18 |     3 ||    21
 Stab: Sleeping          |    29 |     1 ||    30
